 Dungeon Crawl Stone Soup version 0.23.2-1-ga50397a6bc (webtiles) character file.

Game seed: 8517408087511633382

7747 4FPSwarrior the Carver (level 11, -1/75 HPs)
             Began as a Demonspawn Abyssal Knight on Feb 15, 2019.
             Was a High Priest of Lugonu.
             Slain by Nergalle
             ... wielding a +4 dagger of pain
              (2 damage)
             ... on level 2 of the Lair of Beasts on Apr 16, 2019.
             The game lasted 01:17:30 (17469 turns).

4FPSwarrior the Carver (Demonspawn Abyssal Knight) Turns: 17469, Time: 01:17:32

Health: -1/75      AC:  7    Str: 14    XL:     11   Next: 0%
Magic:  0/17       EV: 10    Int: 15    God:    Lugonu [*****.]
Gold:   523        SH:  9    Dex: 17    Spells: 9/10 levels left

rFire    . . .     SeeInvis .   b - +4 falchion
rCold    . . .     Gourm    .   f - +0 buckler
rNeg     . . .     Faith    .   A - +0 ring mail
rPois    .         Spirit   +   q - +0 helmet
rElec    .         Reflect  .   (no cloak)
rCorr    .         Harm     .   (no gloves)
MR       .....                  P - +0 pair of boots
Stlth    ++........             (no amulet)
HPRegen  0.22/turn              i - +4 ring of dexterity
MPRegen  0.15/turn              B - ring of stealth

@: drained
A: hooves 1, large bone plates 1, demonic guardian 1, magic shield
a: Depart the Abyss, Bend Space, Banish, Corrupt, Enter the Abyss, Renounce
Religion


You were on level 2 of the Lair of Beasts.
You worshipped Lugonu.
Lugonu was extremely pleased with you.
You were not hungry.

You visited 2 branches of the dungeon, and saw 12 of its levels.
You visited the Abyss 1 time.

You collected 523 gold pieces.

Inventory:

Hand Weapons
 b - a +4 falchion (weapon)
 d - a +0 hand axe of electrocution
 K - a cursed -1 spear
 O - a +0 blowgun
 Q - a +1 vampiric whip
Missiles
 p - 23 tomahawks (quivered)
 z - 50 poisoned needles
 G - 2 throwing nets
Armour
 f - a +0 buckler (worn)
 m - a +0 pair of boots
 q - a +0 helmet (worn)
 A - a +0 ring mail (worn)
 P - a +0 pair of boots (worn)
Jewellery
 i - a +4 ring of dexterity (left hand)
 B - a ring of stealth (right hand)
Wands
 n - a wand of enslavement (9)
 y - a wand of flame (30)
 D - a wand of acid (8)
 H - a wand of iceblast (6)
 L - a wand of paralysis (5)
 S - a wand of polymorph (12)
Scrolls
 a - a scroll of remove curse
 e - 3 scrolls of enchant weapon {unknown}
 g - 2 scrolls of amnesia
 h - 6 scrolls of teleportation
 l - a scroll of enchant armour {unknown}
 w - a scroll of fear
 C - 3 scrolls of magic mapping
 F - 2 scrolls of immolation {unknown}
 I - a scroll of fog {unknown}
 M - a scroll of holy word {unknown}
Potions
 j - 3 potions of curing
 k - a potion of might {unknown}
 o - a potion of magic {unknown}
 r - a potion of berserk rage {unknown}
 s - 2 potions of flight
 t - 4 potions of haste
 u - 3 potions of agility
 v - 2 potions of invisibility {unknown}
 x - 2 potions of lignification
 E - a potion of brilliance {unknown}
 N - a potion of heal wounds {unknown}
 R - 2 potions of mutation
 T - a potion of cancellation {unknown}
Miscellaneous
 U - a lightning rod (3/4)
Comestibles
 c - 17 rations
 J - 4 chunks of flesh


   Skills:
 - Level 3.0(1.9) Fighting
 * Level 11.2(9.8) Long Blades
 - Level 3.5(2.4) Maces & Flails
 + Level 4.1(3.0) Armour
 - Level 0.8(0.0) Dodging
 - Level 4.0(2.9) Shields
 - Level 6.0(4.8) Hexes
 + Level 9.2(7.9) Invocations


You had 9 spell levels left.
You knew the following spells:

 Your Spells              Type           Power        Failure   Level  Hunger
a - Confusing Touch       Hex            ##....       9%          1    ##.....

Your spell library contained the following spells:

 Spells                   Type           Power        Failure   Level  Hunger
 Confuse                  Hex            ##......     26%         3    ####...
 Gell's Gravitas          Tloc           #.........   88%         3    ####...
 Petrify                  Tmut/Erth      #.......     99%         4    #####..
 Metabolic Englaciation   Hex/Ice        #.........   100%        5    ######.
 Yara's Violent Unravell  Hex/Tmut       #.........   100%        5    ######.


Dungeon Overview and Level Annotations

Branches:
Dungeon (10/15)            Temple (0/1) D:7            Lair (1/6) D:8
    Orc (0/2) D:10

Altars:
Dithmenos
Okawaru

Annotations:
D:4 1 runed translucent door, Crazy Yiuf
D:8 Gastronok
D:10 2 runed translucent doors
Lair:1 3 runed translucent doors, strelocc's ghost, journeyman TrMo
Lair:2 Nergalle


Innate Abilities, Weirdness & Mutations

You have large cloven feet.
You are partially covered in large bone plates. (SH +4)
A weak demonic guardian rushes to your aid.
When hurt, damage is shared between your health and your magic reserves.


Message History

Your shadow imp hits Nergalle but does no damage.
Nergalle says, "THAT's why.
How awful.
You!"
You block Nergalle's attack.
You barely miss Nergalle.
Nergalle is almost dead.
Your shadow imp barely misses Nergalle.
Nergalle casts a spell at you. The bolt of negative energy hits you!!!
You feel drained.
* * * LOW HITPOINT WARNING * * *
Evoke which item? (* to show all) (? for menu, Esc to quit)
Aiming: Corrosive Bolt
Press: ? - help, Shift-Dir - straight line, f - Nergalle
Aim: Nergalle, wielding a +4 dagger of pain and wearing a +0 robe (almost dead)
The bolt of acid hits Nergalle but does no damage.
Nergalle is almost dead.
Your shadow imp barely misses Nergalle.
Nergalle hits you with a +4 dagger of pain.
* * * LOW HITPOINT WARNING * * *
You writhe in agony.
You die...

...##.
..#...
#......
......^
.....
###...#
#o.5.#
#5@#
##.##
#..##
#..#.#
#.####
##


You could see Nergalle, a friendly shadow imp and a friendly ufetubus.

Vanquished Creatures
  3 spiny frogs (Lair:1)
  A troll (D:9)
  2 hippogriffs
  Sigmund (D:5)
  3 yaks (D:9)
  Eustachio (D:4)
  A warg (D:10)
  A water moccasin (D:6)
  Duvessa (D:4)
  A sky beast (D:5)
  4 orc warriors
  3 ogres (D:7)
  A phantom (D:8)
  2 necrophages (D:10)
  A centaur (D:7)
  3 crocodiles (Lair:1)
  A big kobold (D:10)
  3 bullfrogs
  Dowan (D:4)
  3 scorpions
  A water moccasin skeleton (D:9)
  3 killer bees
  A howler monkey (D:6)
  12 wights
  2 crimson imps
  A centaur zombie (D:7)
  2 bullfrog zombies (D:10)
  6 hounds
  A centaur skeleton (D:4)
  8 orc priests
  A jelly (D:9)
  10 orc wizards
  An iguana (D:8)
  6 worker ants
  A hound zombie (D:5)
  3 hound skeletons (D:5)
  2 mummies (D:10)
  2 worker ant zombies
  A howler monkey zombie (D:10)
  6 adders
  11 gnolls
  A howler monkey skeleton (D:8)
  3 shadow imps
  An adder zombie (D:10)
  2 adder skeletons
  2 dart slugs (D:1)
  5 leopard geckos
  44 orcs
  A giant cockroach (D:1)
  15 goblins
  9 hobgoblins
  8 jackals
  23 kobolds
  3 quokkas
  4 ball pythons
  10 bats
  3 frilled lizards
  3 leopard gecko skeletons
  A quokka zombie (D:6)
  11 rats
  A fungus (D:4)
268 creatures vanquished.

Vanquished Creatures (collateral kills)
  A two-headed ogre (D:8)
  A hippogriff (D:7)
  A yak (D:9)
  A porcupine (Lair:1)
  A black bear (D:6)
  A necrophage (D:8)
  A centaur (D:8)
  2 ogres (D:8)
  3 bullfrogs
  A scorpion (D:4)
  2 crimson imps
  An orc wizard (D:8)
  A worker ant (D:5)
  An iguana (D:6)
  An adder (D:8)
  8 orcs
  A kobold (D:10)
  A leopard gecko zombie (D:5)
29 creatures vanquished.

Vanquished Creatures (others)
  A spiny frog (Lair:1)
  A black mamba (Lair:1)
  A fungus (Lair:1)
3 creatures vanquished.

Grand Total: 300 creatures vanquished

Notes
Turn   | Place    | Note
-------+----------+-------------------------------------------
     0 | Abyss:1  | 4FPSwarrior the Demonspawn Abyssal Knight began the quest
                  | for the Orb.
     0 | Abyss:1  | Reached XP level 1. HP: 18/18 MP: 2/2
    61 | Abyss:1  | Noticed a smoke demon
    62 | D:1      | Escaped the Abyss
   148 | D:1      | Reached * piety under Lugonu
   239 | D:1      | Reached skill level 2 in Long Blades
   388 | D:1      | Gained mutation: A weak demonic guardian rushes to your
                  | aid. [demonic ancestry]
   388 | D:1      | Reached XP level 2. HP: 13/24 MP: 3/3
   785 | D:1      | Reached skill level 3 in Long Blades
   966 | D:1      | Reached XP level 3. HP: 29/29 MP: 4/4
  1255 | D:2      | Found an iron altar of Okawaru.
  1449 | D:2      | Reached ** piety under Lugonu
  2170 | D:2      | Reached skill level 1 in Shields
  2305 | D:3      | Gained mutation: When hurt, damage is shared between your
                  | health and your magic reserves. [demonic ancestry]
  2305 | D:3      | Reached XP level 4. HP: 35/35 MP: 5/5
  2753 | D:3      | Reached skill level 4 in Long Blades
  2766 | D:3      | Reached XP level 5. HP: 33/41 MP: 6/6
  2961 | D:3      | Reached *** piety under Lugonu
  3527 | D:4      | Noticed Eustachio
  3551 | D:4      | Killed Eustachio
  3551 | D:4      | Gained mutation: You are partially covered in large bone
                  | plates. (SH +4) [demonic ancestry]
  3551 | D:4      | Reached XP level 6. HP: 47/47 MP: 7/7
  3627 | D:4      | Reached skill level 5 in Long Blades
  3923 | D:4      | Noticed Duvessa
  3923 | D:4      | Noticed Dowan
  3946 | D:4      | Killed Duvessa
  3967 | D:4      | Killed Dowan
  3967 | D:4      | Reached XP level 7. HP: 20/52 MP: 5/8
  4694 | D:4      | Found a runed translucent door.
  4695 | D:4      | Noticed Crazy Yiuf
  4733 | D:5      | Entered Level 5 of the Dungeon
  5031 | D:5      | Noticed Sigmund
  5051 | D:5      | Killed Sigmund
  5051 | D:5      | Reached skill level 6 in Long Blades
  5779 | D:5      | Reached skill level 7 in Long Blades
  5942 | D:5      | Reached **** piety under Lugonu
  6082 | D:5      | Learned a level 1 spell: Confusing Touch
  6478 | D:5      | Reached skill level 1 in Hexes
  6599 | D:6      | Reached XP level 8. HP: 58/58 MP: 10/10
  6984 | D:6      | Reached skill level 1 in Maces & Flails
  7282 | D:6      | Found a shadowy altar of Dithmenos.
  7951 | D:7      | Noticed a hippogriff
  7963 | D:7      | Killed a hippogriff
  7963 | D:7      | Reached skill level 8 in Long Blades
  8268 | D:7      | Found a staircase to the Ecumenical Temple.
  8285 | D:7      | Reached skill level 5 in Invocations
  8486 | D:7      | Gained mutation: You have large cloven feet. [demonic
                  | ancestry]
  8486 | D:7      | Reached XP level 9. HP: 63/63 MP: 12/12
  9063 | D:7      | Upgraded the game from 0.23.0 to 0.23.2-1-ga50397a6bc
  9660 | D:8      | Noticed Gastronok
  9799 | D:8      | Noticed a two-headed ogre
 10642 | D:8      | Found a staircase to the Lair.
 10652 | D:8      | Reached skill level 9 in Long Blades
 10901 | D:8      | Killed a two-headed ogre
 11191 | D:8      | Reached skill level 5 in Hexes
 11555 | D:8      | Reached XP level 10. HP: 44/70 MP: 9/15
 12249 | D:9      | Reached ***** piety under Lugonu
 12249 | D:9      | Reached skill level 10 in Long Blades
 13441 | D:10     | Entered Level 10 of the Dungeon
 16122 | D:10     | Found a runed translucent door.
 16122 | D:10     | Noticed an ice dragon
 16125 | D:10     | Found the +2 shield of Resistance {rF+ rC+ MR+}
 16125 | D:10     | Noticed an ice dragon
 16125 | D:10     | Noticed a fire dragon
 16134 | D:10     | Noticed a fire dragon
 16135 | D:10     | Found a runed translucent door.
 16390 | D:10     | Found a staircase to the Orcish Mines.
 16725 | Lair:1   | Entered Level 1 of the Lair of Beasts
 16773 | Lair:1   | Noticed a spiny frog
 16793 | Lair:1   | Killed a spiny frog
 16884 | Lair:1   | Noticed a spiny frog
 16987 | Lair:1   | Noticed a spiny frog
 17000 | Lair:1   | Killed a spiny frog
 17038 | Lair:1   | Noticed a black mamba
 17039 | Lair:1   | Banished a black mamba
 17039 | Lair:1   | Reached skill level 11 in Long Blades
 17251 | Lair:1   | Found a runed translucent gate.
 17253 | Lair:1   | Found a runed translucent gate.
 17254 | Lair:1   | Found a runed translucent gate.
 17256 | Lair:1   | Noticed strelocc's ghost (journeyman TrMo)
 17256 | Lair:1   | Noticed a spectral eight-headed hydra
 17264 | Lair:1   | Noticed a spiny frog
 17290 | Lair:1   | Banished a spiny frog
 17295 | Lair:1   | Killed a spiny frog
 17304 | Lair:1   | Reached XP level 11. HP: 52/75 MP: 8/17
 17428 | Lair:1   | You fall through a shaft!
 17429 | Lair:2   | Noticed Nergalle
 17468 | Lair:2   | HP: 2/75 [Nergalle/bolt of negative energy (31)]
 17469 | Lair:2   | Slain by Nergalle

Skill      XL: |  1  2  3  4  5  6  7  8  9 10 |
---------------+-------------------------------+-----
Long Blades    | 2 3 4 5 7 8 9 11 | 11.2
Shields        | 1 2 3 4 |  4.0
Hexes          | 1 3 5 6 |  6.0
Invocations    | 3 5 7 9 |  9.2
Maces & Flails | 2 3 |  3.5
Armour         | 4 |  4.1
Fighting       | |  3.0
Dodging        | |  0.8

Action                   |  1- 3 |  4- 6 |  7- 9 | 10-12 || total
-------------------------+-------+-------+-------+-------++-------
Melee: Hand axe          |   153 |   132 |       |       ||   285
       Falchion          |     1 |    32 |   738 |   564 ||  1335
       Whip              |       |       |    47 |       ||    47
Throw: Stone             |    41 |    21 |    37 |     1 ||   100
       Tomahawk          |       |       |       |    49 ||    49
 Cast: Confusing Touch   |       |       |    24 |    60 ||    84
Invok: Depart the Abyss  |     1 |       |       |       ||     1
       Banish            |       |       |       |     2 ||     2
Evoke: Wand              |       |       |    11 |    17 ||    28
       Lightning rod     |       |       |       |     3 ||     3
  Use: Scroll            |       |     7 |     4 |     1 ||    12
       Potion            |       |       |     3 |     1 ||     4
 Stab: Confused          |       |       |    20 |    51 ||    71
       Sleeping          |       |       |     1 |     2 ||     3
       Paralysed         |       |       |       |    10 ||    10
       Distracted        |       |       |       |     1 ||     1
  Eat: Chunk             |     5 |     5 |    20 |    17 ||    47
       Ration            |       |       |     3 |     2 ||     5
Armor: Leather armour    |    34 |       |       |       ||    34
       Chain mail        |    70 |    94 |   147 |       ||   311
       Skin              |       |       |     9 |       ||     9
       Ring mail         |       |       |    83 |    77 ||   160
Dodge: Dodged            |    82 |    58 |   196 |   117 ||   453
Block: Buckler           |    16 |    47 |   299 |   158 ||   520
       Rpst.: Falchion   |       |     1 |    44 |    37 ||    82
